 Dungeon Crawl Stone Soup version 0.30-a0-721-ga6a225cb13 (webtiles) character file.

Game seed: 2355324850790605468

248 Fenrisus the Chopper (level 6, 0/56 HPs)
             Began as a Hill Orc Monk on Jan 27, 2023.
             Was a Believer of Beogh.
             Succumbed to a scorpion's poison
             ... on level 4 of the Dungeon.
             The game lasted 00:12:39 (3654 turns).

Fenrisus the Chopper (Hill Orc Monk)                Turns: 3654, Time: 00:12:39

Health: 0/56       AC: 13    Str: 16    XL:     6   Next: 12%
Magic:  6/6        EV:  5    Int: 10    God:    Beogh [**....]
Gold:   253        SH:  0    Dex: 13    Spells: 5/5 levels left

rFire   . . .      SeeInvis .    j - +0 hand axe (freeze)
rCold   . . .      Faith    .    (no shield)
rNeg    . . .      Spirit   .    f - +2 plate armour
rPois   .          Reflect  .    (no helmet)
rElec   .          Harm     .    (no cloak)
rCorr   .          Rampage  .    (no gloves)
Will    .....                    (no boots) Stlth
                                 (no amulet)
HPRegen 0.29/turn                (no ring)
MPRegen 0.10/turn                (no ring)

@: lethally poisoned (0 -> -14)
A: no striking features
a: Renounce Religion, Smiting


You were on level 4 of the Dungeon.
You worshipped Beogh.
Beogh was pleased with you.
You visited 1 branch of the dungeon, and saw 4 of its levels.

You collected 253 gold pieces.

Inventory:

Hand Weapons
 a - a +0 hand axe
 j - a +0 hand axe of freezing (weapon)
Armour
 f - a +2 plate armour (worn)
Scrolls
 n - a scroll of immolation
 q - a scroll of blinking
Potions
 c - a potion of ambrosia
 d - a potion of lignification {unknown}
 g - 2 potions of mutation
 h - a potion of curing {unknown}
 i - a potion of attraction {unknown}
 k - a potion of flight {unknown}
 o - a potion of heal wounds {unknown}
 p - a potion of haste {unknown}


   Skills:
 + Level 5.3 Fighting
 + Level 6.0 Axes
 + Level 3.1 Armour
 - Level 2.5 Dodging
 - Level 1.8 Stealth


You had 5 spell levels left.
You didn't know any spells.
Your spell library contained the following spells:

 Spells                   Type           Power      Damage    Failure   Level
 Hailstorm                Conj/Ice       0%         3d3       100%        3
 Ice Form                 Ice/Tmut       0%         N/A       100%        4
 Simulacrum               Ice/Necr       0%         N/A       100%        6


Dungeon Overview and Level Annotations

Branches:
Dungeon (4/15)
 Temple: D:4-7

Altars:
Cheibriados
Ru

Annotations:
D:4 Eustachio


Message History

You barely miss the scorpion.
The scorpion is heavily wounded.
You feel very sick.
The scorpion stings you but does no damage.
You hit the scorpion. You freeze the scorpion.
The scorpion is heavily wounded.
You feel very sick.
The scorpion stings you but does no damage.
You hit the scorpion but do no damage.
You punch the scorpion, but do no damage.
The scorpion is heavily wounded.
You feel sick. The scorpion stings you.
You are more poisoned.
The scorpion poisons you!
You barely miss the scorpion.
The scorpion is heavily wounded.
You feel very sick.
The scorpion stings you but does no damage.
You barely miss the scorpion.
The scorpion is heavily wounded.
* * * LOW HITPOINT WARNING * * *
You feel very sick.
The scorpion stings you but does no damage.
The scorpion stings you.
* * * LOW HITPOINT WARNING * * *
You are lethally poisoned!
The scorpion poisons you!
You closely miss the scorpion.
The scorpion is heavily wounded.
* * * LOW HITPOINT WARNING * * *
You feel very sick. The scorpion barely misses you.
You closely miss the scorpion.
The scorpion is heavily wounded.
* * * LOW HITPOINT WARNING * * *
You feel very sick. The scorpion barely misses you.
You hit the scorpion. You freeze the scorpion.
The scorpion is severely wounded.
You die...

.......................'.........
###...#.#######.#...####.........
##.##.# ......## ##.......#
####.# ###.#.## ##.....## ##.##
#....# ##...## ##...# ###..#
##'## #....# #..# #.#
#....##.#####..# #####.#
#.#####....s@..# #.....## ## #.#
########.# #.##...## .# #.# #.#
#.#.....# .####.# #.# #.#.>...##
......# #.#####.#.#.#... .######
#.........#.#### .# #######.###.#
.# #.....# .# #######


You could see a scorpion.

Vanquished Creatures
  A howler monkey (D:4)
  An orc priest (D:4)
  An iguana (D:4)
  An orc wizard (D:4)
  2 adders
  2 worms (D:2)
  4 dart slugs
  10 orcs
  11 ball pythons
  3 bats
  7 endoplasms
  4 giant cockroaches
  7 goblins
  11 hobgoblins
  4 quokkas
  5 frilled lizards
  5 kobolds
  4 rats
83 creatures vanquished.

Notes
Turn   | Place    | Note
-------+----------+-------------------------------------------
     0 | D:1      | Fenrisus the Hill Orc Monk began the quest for the Orb.
     0 | D:1      | Reached XP level 1. HP: 19/19 MP: 1/1
    65 | D:1      | Reached XP level 2. HP: 15/27 MP: 2/2
   305 | D:1      | Reached XP level 3. HP: 14/33 MP: 3/3
   731 | D:1      | Reached skill level 1 in Armour
   955 | D:2      | Found a faded altar of an unknown god.
  1015 | D:2      | Found a sacrificial altar of Ru.
  1146 | D:2      | Reached XP level 4. HP: 41/41 MP: 4/4
  1974 | D:3      | Reached skill level 5 in Axes
  2529 | D:3      | Became a worshipper of Beogh the Brigand
  2529 | D:3      | Reached * piety under Beogh
  2529 | D:3      | Reached ** piety under Beogh
  2696 | D:3      | Reached XP level 5. HP: 35/47 MP: 5/5
  3172 | D:4      | Reached skill level 5 in Fighting
  3270 | D:4      | Identified the +8 dagger of Success {vamp, *Noise rF+ rCorr
                  | Dex+2}
  3417 | D:4      | Reached skill level 6 in Axes
  3417 | D:4      | Reached XP level 6. HP: 50/56 MP: 6/6
  3455 | D:4      | Found a snail-covered altar of Cheibriados.
  3466 | D:4      | Noticed Eustachio
  3653 | D:4      | HP: 2/56 [poisoned by a scorpion]
  3654 | D:4      | Succumbed to a scorpion's poison

Illustrated notes

Levels and vault maps discovered:
D:1:      lightli_arrival_quake, layout_rooms
D:2:      layout_basic, basic_altar, hellmonk_ecumenical_altar_blasted
D:3:      layout_rooms, minmay_mini_jars
D:4:      layout_loops_corners, pf_just_have_faith, serial_shops,
          kennysheep_mini_moat, uniq_eustachio

Skill      XL: |  1  2  3  4  5 |
---------------+----------------+-----
Fighting       | 4 5 |  5.3
Armour         | 1 2 3 |  3.1
Axes           | 5 6 |  6.0
Dodging        | |  2.5
Stealth        | |  1.8

Action                     |  1- 3 |  4- 6 || total
---------------------------+-------+-------++-------
  Melee: Hand axe          |   108 |   211 ||   319
         Punch             |     1 |     1 ||     2
 Invoke: Convert to Beogh  |       |     1 ||     1
    Use: Scroll            |       |    14 ||    14
         Potion            |       |     1 ||     1
 Armour: Robe              |     1 |       ||     1
         Plate armour      |    84 |   167 ||   251
  Dodge: Dodged            |    22 |    39 ||    61

Table legend: (Time is in decaauts)
 A = Elapsed time spent in this place.
 B = Non-inter-level travel time spent in this place.
 C = Inter-level travel time spent in this place.
 D = Time resting spent in this place.
 E = Time spent auto-exploring this place.
 F = Levels seen in this place.
 G = Mean time per level.
                   A        B        C        D        E       F      G
               +--------+--------+--------+--------+--------+-----+--------+
         Total |   3671 |   2850 |    821 |    927 |   1216 |   4 |  917.8 |
       Dungeon |   3671 |   2850 |    821 |    927 |   1216 |   4 |  917.8 |
               +--------+--------+--------+--------+--------+-----+--------+

Top non-repeatable levels by time:
     D:3: 1089 daAuts
     D:2: 1057 daAuts
     D:1: 856 daAuts
     D:4: 667 daAuts
